 Dungeon Crawl Stone Soup version 0.27-a0-412-g8dd771eca2 (webtiles) character file.

Game seed: 3676665635333136434

250 ReteAZ the Insei (level 5, 0/42 HPs)
             Began as a Demigod Transmuter on Feb 24, 2021.
             Slain by Edmund
             ... wielding a +0 vorpal flail
              (1 damage)
             ... on level 4 of the Dungeon.
             The game lasted 00:05:55 (4894 turns).

ReteAZ the Insei (Demigod Transmuter)               Turns: 4894, Time: 00:05:56

Health: 0/42       AC:  2    Str: 10 (11) XL:     5   Next: 57%
Magic:  12/12      EV: 13    Int: 17 (19) God:
Gold:   165        SH:  0    Dex: 13 (14) Spells: 8/9 levels left

rFire    . . .     SeeInvis .     - Unarmed
rCold    . . .     Faith    .   (no shield)
rNeg     . . .     Spirit   .   a - +0 robe
rPois    .         Reflect  .   (helmet currently unavailable)
rElec    .         Harm     .   (no cloak)
rCorr    .         Rampage  .   (no gloves)
Will     .....                  (boots currently unavailable)
Stlth    +.........             (no amulet)
HPRegen  0.14/turn              (no ring)
MPRegen  0.13/turn              (no ring)

@: mighty, brilliant, appendages (expiring)
A: horns 2, talons 2, high mp 1
a: End Transformation


You were on level 4 of the Dungeon.
You had grown temporary horns.
You had grown temporary talons.
You visited 1 branch of the dungeon, and saw 4 of its levels.

You collected 165 gold pieces.

Inventory:

Missiles
 b - 34 poisoned darts
Armour
 a - a +0 robe (worn)
Scrolls
 c - 3 scrolls of teleportation {unknown}
 g - 4 scrolls of identify {unknown}
 j - a scroll of magic mapping {unknown}
 k - a scroll of amnesia {unknown}
 m - 2 scrolls of immolation {unknown}
 o - a scroll of random uselessness {unknown}
 p - a scroll of noise {unknown}
Potions
 e - a potion of degeneration
 i - a potion of mutation {unknown}
 l - a potion of haste {unknown}
 n - a potion of resistance {unknown}


   Skills:
 + Level 2.3 Fighting
 + Level 2.9 Dodging
 + Level 3.5 Unarmed Combat
 + Level 2.8 Spellcasting
 + Level 2.9 Transmutations


You had 8 spell levels left.
You knew the following spells:

 Your Spells              Type           Power        Failure   Level
a - Beastly Appendage     Tmut           36%          5%          1

Your spell library contained the following spells:

 Spells                   Type           Power        Failure   Level
 Wereblood                Tmut           18%          9%          2
 Spider Form              Tmut/Pois      5%           28%         3
 Ice Form                 Ice/Tmut       11%          67%         4
 Blade Hands              Tmut           9%           83%         5


Dungeon Overview and Level Annotations

Branches:
Dungeon (4/15)
 Temple: D:4-7

Shops:
D:4 [

Annotations:
D:3 2 runed translucent doors, Jano's ghost, amateur OpTm
D:4 Edmund


Innate Abilities, Weirdness & Mutations

You have an increased reservoir of magic. (+10% MP)
You have a pair of horns on your head.
You have razor-sharp toenails.


Message History

Aim: Edmund, wielding a +0 vorpal flail, wearing a +0 ring mail and carrying a wand of digging (4) (lightly wounded, very poisoned, 63% to hit)
You throw a poisoned dart. The poisoned dart hits Edmund.
Edmund looks even sicker.
Edmund is lightly wounded.
You grow a pair of large bovine horns.
Your feet morph into talons.
Edmund barely misses you.
Edmund is nearby!
You hit Edmund.
Edmund is lightly wounded.
Edmund hits you with a +0 vorpal flail!
You closely miss Edmund. You claw Edmund.
Edmund is moderately wounded.
Edmund hits you with a +0 vorpal flail!
You aren't carrying any items that you can evoke.
It was a potion of degeneration.
There was something very wrong with that liquid.
You feel weakened.
You feel dopey.
You feel clumsy. Edmund closely misses you.
You feel better.
It was a potion of brilliance.
You feel clever all of a sudden. Edmund hits you with a +0 vorpal flail.
It was a potion of might.
You feel very mighty all of a sudden. Edmund barely misses you.
You barely miss Edmund. Your kick misses Edmund.
Edmund is moderately wounded.
Edmund hits you with a +0 vorpal flail!
You barely miss Edmund. You punch Edmund!
Edmund is heavily wounded.
Edmund hits you with a +0 vorpal flail!
* * * LOW HITPOINT WARNING * * *
x2 You hit Edmund.
Your kick misses Edmund.
Edmund is severely wounded.
You hit Edmund.
Edmund is severely wounded.
Your transformation is almost over.
Edmund hits you with a +0 vorpal flail.
* * * LOW HITPOINT WARNING * * *
You die...

.
##.........##.....
........(..รท.....#
.........(......#
.........(.)##.##
.........(..)#
..........(..#
........#.(.##
(.....#.##@##
.....#. #@# ... ..
###


You could see Edmund (very poisoned).

Vanquished Creatures
  A scorpion (D:4)
  An orc priest (D:4)
  A hound skeleton (D:4)
  4 gnolls
  3 adders
  2 oozes
  3 worms
  An adder skeleton (D:4)
  2 dart slugs (D:1)
  2 leopard geckos
  5 orcs
  6 bats
  4 giant cockroaches
  6 goblins
  8 hobgoblins
  2 jackals (D:2)
  A quokka (D:3)
  4 frilled lizards
  5 kobolds
  9 rats
70 creatures vanquished.

Notes
Turn   | Place    | Note
-------+----------+-------------------------------------------
     0 | D:1      | ReteAZ the Demigod Transmuter began the quest for the Orb.
     0 | D:1      | Reached XP level 1. HP: 15/15 MP: 5/5
    78 | D:1      | Reached skill level 1 in Fighting
   207 | D:1      | Reached XP level 2. HP: 7/23 MP: 5/7
  1155 | D:2      | Reached skill level 3 in Unarmed Combat
  1228 | D:2      | Reached XP level 3. HP: 25/28 MP: 6/8
  2251 | D:2      | Reached XP level 4. HP: 31/36 MP: 8/10
  2736 | D:3      | Found a radiant altar of Vehumet.
  2921 | D:3      | Found a runed translucent door.
  2928 | D:3      | Noticed Jano's ghost (amateur OpTm)
  3421 | D:3      | Found a runed translucent door.
  3681 | D:3      | Found a basalt altar of Yredelemnul.
  3764 | D:3      | Found a blossoming altar of Fedhas.
  3998 | D:4      | Found Dyvoov's Armour Boutique.
  4148 | D:4      | Noticed Edmund
  4573 | D:4      | Reached XP level 5. HP: 26/41 MP: 11/11
  4894 | D:4      | HP: 1/42 [Edmund/+0 vorpal flail (5)]
  4894 | D:4      | Slain by Edmund

Illustrated notes

Levels and vault maps discovered:
D:1:      heliophobic_arrival_enchanted_forest, layout_basic
D:2:      layout_loops_cross, chequers_jeans
D:3:      layout_basic, vehumet_crystals, marbit_many_paths,
          lemuel_coloured_pillars_altar, ebering_ghost_sewer_f
D:4:      layout_cave_pools, old_standard_altar, minmay_temple_entry_overgrown,
          serial_shops, shop, kennysheep_generic_room_14, uniq_blork_the_orc,
          uniq_edmund, uniq_ijyb

Skill      XL: |  1  2  3  4 |
---------------+-------------+-----
Fighting       | 1 2 |  2.3
Dodging        | 2 |  2.9
Transmutations | 2 |  2.9
Spellcasting   | 2 |  2.8
Unarmed Combat | 3 |  3.5

Action                   |  1- 3 |  4- 6 || total
-------------------------+-------+-------++-------
Melee: Unarmed           |    97 |   121 ||   218
       Headbutt          |    15 |    15 ||    30
       Kick              |    16 |    32 ||    48
       Punch             |     1 |     1 ||     2
Throw: Dart              |     8 |     9 ||    17
 Cast: Beastly Appendage |    31 |    24 ||    55
  Use: Potion            |     1 |     4 ||     5
 Stab: Sleeping          |     2 |     2 ||     4
Armor: Robe              |    13 |    14 ||    27
Dodge: Dodged            |    53 |    76 ||   129

Table legend: (Time is in decaauts)
 A = Elapsed time spent in this place.
 B = Non-inter-level travel time spent in this place.
 C = Inter-level travel time spent in this place.
 D = Time resting spent in this place.
 E = Time spent auto-exploring this place.
 F = Levels seen in this place.
 G = Mean time per level.
                   A        B        C        D        E       F      G
               +--------+--------+--------+--------+--------+-----+--------+
         Total |   4884 |   4735 |    149 |   1083 |   3013 |   4 | 1221.0 |
       Dungeon |   4884 |   4735 |    149 |   1083 |   3013 |   4 | 1221.0 |
               +--------+--------+--------+--------+--------+-----+--------+

Top non-repeatable levels by time:
     D:3: 1901 daAuts
     D:2: 1225 daAuts
     D:1: 1216 daAuts
     D:4: 540 daAuts
